 Dungeon Crawl Stone Soup version 0.23.2-1-ga50397a (webtiles) character file.

Game seed: 5703021329479187637

2462 whitewolfNL the Ruffian (level 9, -6/85 HPs)
             Began as a Troll Berserker on Apr 30, 2019.
             Was an Elder of Trog.
             Mangled by a wight
             ... wielding a cursed +4 flail
              (10 damage)
             ... on level 7 of the Dungeon.
             The game lasted 00:25:13 (5309 turns).

whitewolfNL the Ruffian (Troll Berserker)           Turns: 5309, Time: 00:25:14

Health: -6/85      AC:  6    Str: 27    XL:     9   Next: 26%
Magic:  9/9        EV: 10    Int:  3    God:    Trog [****..]
Gold:   69         SH:  0    Dex: 12    Spells: 8/8 levels left

rFire    . . .     SeeInvis +   E - +0 dire flail
rCold    . . .     Gourm    +   (shield currently unavailable)
rNeg     . . .     Faith    .   y - +0 robe
rPois    .         Spirit   .   (helmet restricted)
rElec    .         Reflect  .   n - scarf {repulsion}
rCorr    +         Harm     .   (gloves unavailable)
MR       .....                  (boots unavailable)
Stlth    +.........             (no amulet)
HPRegen  0.64/turn              q - ring of resist corrosion
MPRegen  0.11/turn              h - ring of see invisible

@: berserk cooldown, slowed, heavily drained, repel missiles, very slow
A: large, unfitting armour, claws 3, fast metabolism 3, gourmand, regeneration
1, shaggy fur 1, tough skin 3
a: Berserk, Trog's Hand, Brothers in Arms, Renounce Religion


You were on level 7 of the Dungeon.
You worshipped Trog.
Trog was greatly pleased with you.
You were very full.

You visited 1 branch of the dungeon, and saw 7 of its levels.

You collected 405 gold pieces.
You spent 336 gold pieces at shops.

Inventory:

Hand Weapons
 E - a +0 dire flail (weapon)
Missiles
 k - 6 javelins (quivered)
 r - 26 bolts
 z - 40 poisoned needles
 B - 8 curare-tipped needles
 L - a throwing net
Armour
 n - a scarf of repulsion (worn)
 y - a +0 robe (worn)
Jewellery
 h - a ring of see invisible (right claw)
 q - a ring of resist corrosion (left claw)
 H - an uncursed ring of protection from fire {unknown}
Wands
 a - a wand of random effects (19)
 l - a wand of disintegration (12)
 x - a wand of acid (6)
Scrolls
 d - 2 scrolls of remove curse
 e - 4 scrolls of teleportation
 f - a scroll of immolation {unknown}
 g - a scroll of enchant weapon {unknown}
 i - a scroll of magic mapping {unknown}
 j - 2 scrolls of enchant armour
 o - 2 scrolls of blinking
 p - a scroll of fog {unknown}
 s - 2 scrolls of fear {unknown}
 t - a scroll of noise {unknown}
 D - a scroll of amnesia {unknown}
Potions
 c - a potion of resistance
 u - 4 potions of lignification
 v - a potion of brilliance
 w - a potion of agility {unknown}
 A - a potion of magic {unknown}
 C - a potion of flight {unknown}
 F - a potion of might
 G - 3 potions of berserk rage {unknown}
 J - a potion of ambrosia {unknown}
 K - a potion of mutation {unknown}
Comestibles
 b - 14 rations


   Skills:
 * Level 4.4(2.2) Fighting
 + Level 3.5(1.5) Maces & Flails
 * Level 3.3(1.2) Throwing
 * Level 4.9(2.8) Dodging
 - Level 2.0(0.0) Stealth
 * Level 7.7(5.3) Unarmed Combat
 * Level 2.5(0.5) Evocations


You had 8 spell levels left.
You didn't know any spells.
Your spell library was empty.

Dungeon Overview and Level Annotations

Branches:
Dungeon (7/15)             Temple (0/1) D:6

Altars:
Dithmenos
Gozag
Kikubaaqudgha
Okawaru
Qazlal
Wu Jian
Xom
Zin

Shops:
D:4 =   D:5 [   D:6 =%!**


Innate Abilities, Weirdness & Mutations

You are too large for most types of armour.
You have claws for hands.
Your metabolism is lightning-fast.
You like to eat raw meat.
Your natural rate of healing is unusually fast.
You are covered in fur. (AC +1)
You have extremely tough skin. (AC +3)


Message History

The wight is severely damaged.
The wight closely misses you.
You hit the wight.
The wight is severely damaged.
The wight hits you with a cursed +4 flail.
You feel drained.
* * * LOW HITPOINT WARNING * * *
The wight hits you with a cursed +4 flail!
* * * LOW HITPOINT WARNING * * *
You hit the wight but do no damage.
The wight is severely damaged.
The wight hits you with a cursed +4 flail!
* * * LOW HITPOINT WARNING * * *
You feel drained.
* * * LOW HITPOINT WARNING * * *
You feel better.
The wight hits you with a cursed +4 flail!
* * * LOW HITPOINT WARNING * * *
The wight hits you with a cursed +4 flail!
You die...

................
................
.?...........(#
.......=....#
#..........##
#######S..## #()..# ..
########....#### .#
#....@zS........ .
#....####........ #
#....# ##.#.....#####
####.#####............
#[......##......#....
#.......##...........
#........#.#.#####.#.
#.....>........###.#.
#.......##..##...#.#.


You could see a wight and an adder.

Vanquished Creatures
  Grinder (D:6)
  Menkaure (D:5)
  An ice beast (D:7)
  An orc warrior (D:7)
  A phantom (D:4)
  3 sky beasts
  A centaur (D:6)
  4 ogres
  4 bullfrogs
  A water moccasin zombie (D:7)
  2 wights (D:7)
  A howler monkey (D:5)
  A crimson imp (D:6)
  A centaur zombie (D:5)
  A hound (D:7)
  Crazy Yiuf (D:5)
  A bullfrog skeleton (D:7)
  2 orc priests
  4 orc wizards
  An iguana (D:4)
  7 worker ants
  A killer bee zombie (D:6)
  A hound skeleton (D:5)
  A howler monkey skeleton (D:4)
  9 adders
  A shadow imp (D:5)
  An adder skeleton (D:5)
  An adder zombie (D:6)
  2 worms
  A dart slug (D:1)
  4 leopard geckos
  15 orcs
  3 ball pythons
  2 giant cockroaches
  4 goblins
  9 hobgoblins
  A jackal (D:2)
  5 quokkas
  9 bats
  6 frilled lizards
  7 kobolds
  2 leopard gecko skeletons
  8 rats
133 creatures vanquished.

Notes
Turn   | Place    | Note
-------+----------+-------------------------------------------
     0 | D:1      | whitewolfNL the Troll Berserker began the quest for the
                  | Orb.
     0 | D:1      | Reached XP level 1. HP: 22/22 MP: 0/0
   129 | D:1      | Reached XP level 2. HP: 29/29 MP: 1/1
   308 | D:1      | Reached ** piety under Trog
   740 | D:1      | Reached XP level 3. HP: 34/36 MP: 2/2
  1225 | D:2      | Found an opulent altar of Gozag.
  1374 | D:2      | Reached XP level 4. HP: 41/44 MP: 3/3
  1684 | D:2      | Reached skill level 4 in Unarmed Combat
  1817 | D:3      | Found a shadowy altar of Dithmenos.
  1831 | D:3      | Reached XP level 5. HP: 52/52 MP: 4/4
  1908 | D:3      | Found an iron altar of Okawaru.
  2102 | D:3      | Reached *** piety under Trog
  2172 | D:3      | Found an ornate altar of the Wu Jian Council.
  2565 | D:4      | Noticed a phantom
  2571 | D:4      | Killed a phantom
  2571 | D:4      | Reached skill level 1 in Throwing
  2571 | D:4      | Reached skill level 5 in Unarmed Combat
  2576 | D:4      | Found a shimmering altar of Xom.
  2577 | D:4      | Noticed an angel
  2580 | D:4      | Found a glowing silver altar of Zin.
  2674 | D:4      | Found Hemer's Jewellery Shoppe.
  2677 | D:4      | Bought an uncursed ring of see invisible for 180 gold
                  | pieces
  2729 | D:4      | Reached XP level 6. HP: 61/61 MP: 5/5
  2810 | D:4      | Found an ancient bone altar of Kikubaaqudgha.
  2850 | D:4      | Reached skill level 1 in Stealth
  3082 | D:4      | Reached skill level 1 in Evocations
  3152 | D:4      | Reached XP level 7. HP: 67/67 MP: 6/6
  3367 | D:5      | Entered Level 5 of the Dungeon
  3385 | D:5      | Noticed Menkaure
  3392 | D:5      | Killed Menkaure
  3392 | D:5      | Reached skill level 6 in Unarmed Combat
  3554 | D:5      | Found Zal Witt's Antique Armour Emporium.
  3951 | D:5      | Found a runed translucent door.
  3952 | D:5      | Noticed Crazy Yiuf
  4076 | D:5      | Killed Crazy Yiuf
  4191 | D:6      | Found Uxuxuz's Jewellery Shoppe.
  4200 | D:6      | Reached **** piety under Trog
  4246 | D:6      | Found Tekh's Food Emporium.
  4256 | D:6      | Reached skill level 7 in Unarmed Combat
  4256 | D:6      | Reached XP level 8. HP: 63/75 MP: 8/8
  4384 | D:6      | Reached skill level 1 in Maces & Flails
  4468 | D:6      | Found Ikles's Assorted Antiques.
  4470 | D:6      | Noticed Grinder
  4473 | D:6      | Paralysed by Grinder for 6 turns
  4480 | D:6      | Paralysed by Grinder for 3 turns
  4483 | D:6      | Killed Grinder
  4488 | D:6      | Bought a scroll of identify for 54 gold pieces
  4488 | D:6      | Bought a scroll of identify for 54 gold pieces
  4493 | D:6      | Found Etuth's Assorted Antiques.
  4675 | D:6      | Found Benlora's Distillery.
  4698 | D:6      | Bought a potion of might for 48 gold pieces
  4710 | D:6      | Found a staircase to the Ecumenical Temple.
  4973 | D:7      | Reached XP level 9. HP: 62/84 MP: 9/9
  5105 | D:7      | Found a stormy altar of Qazlal.
  5288 | D:7      | Received a gift from Trog
  5308 | D:7      | HP: 2/85 [wight/cursed +4 flail (3)]
  5309 | D:7      | Mangled by a wight

Skill      XL: |  1  2  3  4  5  6  7  8  9 |
---------------+----------------------------+-----
Dodging        | 3 4 |  4.9
Unarmed Combat | 4 5 7 |  7.7
Throwing       | 1 2 3 |  3.3
Fighting       | 3 4 |  4.4
Stealth        | 1 2 |  2.0
Evocations     | 1 2 |  2.5
Maces & Flails | 2 3 |  3.5

Action                   |  1- 3 |  4- 6 |  7- 9 || total
-------------------------+-------+-------+-------++-------
Melee: Unarmed           |    80 |   105 |    38 ||   223
       Punch             |     1 |     1 |       ||     2
       Dire flail        |       |       |   191 ||   191
Invok: Berserk           |     1 |     4 |    11 ||    16
  Use: Scroll            |       |     5 |     4 ||     9
       Potion            |       |       |     1 ||     1
 Stab: Sleeping          |       |     1 |     1 ||     2
  Eat: Chunk             |    19 |    19 |    28 ||    66
       Ration            |       |       |     1 ||     1
Armor: Animal skin       |    37 |    52 |       ||    89
       Robe              |       |     4 |    84 ||    88
Dodge: Dodged            |    38 |    69 |   151 ||   258
